[Event "POL-chT 2 Liga 2019"]
[Site "Poronin"]
[Date "2019.09.15"]
[Round "9.16"]
[White "Gola, Karol"]
[Black "Maciaga, Marcin"]
[Result "1-0"]
[ECO "B38"]
[WhiteElo "2203"]
[BlackElo "2118"]
[Annotator "NA"]
[PlyCount "170"]
[EventDate "2019.09.07"]
[EventType "team-tourn"]
[EventCountry "POL"]
[SourceTitle "playchess.com"]
[Source "ChessBase"]
[SourceQuality "1"]
[TimeControl "40/5400+30:1800+30"]

1. e4 c5 2. Nf3 g6 3. c4 Bg7 4. d4 cxd4 5. Nxd4 Nc6 6. Be3 Nf6 7. Nc3 O-O 8. Be2 d6 9. h3 Bd7 10. O-O Nxd4 11. Bxd4 Bc6 12. Bd3 a5 13. b3 Nd7 14. Bxg7 Kxg7 15. Qd2 Nc5 16. Rfe1 e5 17. Bc2 Qe7 18. a3 b6 19. Re3 Kh8 20. Rd1 Rad8 21. b4 axb4 22. axb4 Ne6 23. Ne2 Rd7 24. f3 b5 25. Bb3 f5 26. exf5 Ng5 27. cxb5 Bxf3 28. gxf3 Nxh3+ 29. Kf1 Rxf5 30. Ng1 Nf4 31. Re4 d5 32. b6 Qg5 33. Qf2 Qd8 34. Ree1 d4 35. Qc2 Qxb6 36. Qc4 Qd8 37. Ra1 Kg7 38. Qc6 Rc7 39. Qe4 Qg5 40. Ra2 h5 41. Rc2 Rxc2 42. Qxc2 h4 43. Qh2 h3 44. b5 Qh4 45. b6 Rg5 46. b7 Rxg1+ 47. Qxg1 h2 48. Qh1 Nd3 49. Ke2 Qxe1+ 50. Qxe1 Nxe1 51. b8=Q h1=Q 52. Qg8+ Kf6 53. Qe6+ Kg7 54. Qg8+ Kf6 55. Qe6+ Kg7 56. Qxe5+ Kh7 57. Qe7+ Kh6 58. Qf8+ Kg5 59. Qe7+ Kh6 60. Qf8+ Kg5 61. Qd8+ Kf5 62. Qd5+ Kf6 63. Qxd4+ Kf5 64. Qc5+ Kf6 65. Qc3+ Kf5 66. Qxe1 Qh2+ 67. Kd1 Qd6+ 68. Qd2 Qb6 69. Bc2+ Kf6 70. Qc3+ Kg5 71. Qe5+ Kh6 72. f4 Qg1+ 73. Kd2 Qg2+ 74. Kc3 Qc6+ 75. Kd4 Qb6+ 76. Ke4 Qb7+ 77. Ke3 Kh7 78. Qh5+ Kg8 79. Qxg6+ Kf8 80. Qh6+ Kg8 81. Qh7+ Qxh7 82. Bxh7+ Kxh7 83. Ke4 Kg7 84. Ke5 Kf7 85. Ke4 Ke6 1-0

[Event "POL-chT 2 Liga 2019"]
[Site "Poronin"]
[Date "2019.09.15"]
[Round "9.17"]
[White "Krasiewicz, Robert"]
[Black "Kalmuk, Krzysztof"]
[Result "0-1"]
[ECO "A15"]
[WhiteElo "2044"]
[BlackElo "1999"]
[Annotator "NA"]
[PlyCount "66"]
[EventDate "2019.09.07"]
[EventType "team-tourn"]
[EventCountry "POL"]
[SourceTitle "playchess.com"]
[Source "ChessBase"]
[SourceQuality "1"]
[TimeControl "40/5400+30:1800+30"]

1. c4 Nf6 2. g3 e6 3. Bg2 d5 4. Nf3 c5 5. O-O Nc6 6. b3 Be7 7. e3 O-O 8. Re1 e5 9. cxd5 Nxd5 10. Bb2 Ndb4 11. Re2 Nd3 12. Bc3 e4 13. Ne1 Bg4 14. f3 exf3 15. Bxf3 Bxf3 16. Nxf3 Qd5 17. Qf1 b5 18. e4 Qd7 19. Re3 Rad8 20. Ne1 Nxe1 21. Rxe1 b4 22. Bb2 Nd4 23. Qd3 Bf6 24. e5 Rfe8 25. Bxd4 Bxe5 26. Re4 Bxd4+ 27. Rxd4 cxd4 28. a3 Re1+ 29. Kf2 Rde8 30. axb4 Qg4 31. Nc3 Rxa1 32. Nd5 Rae1 33. Nf4 R1e4 0-1

[Event "POL-chT 2 Liga 2019"]
[Site "Poronin"]
[Date "2019.09.15"]
[Round "9.18"]
[White "Szydlowska-Duda, Marta"]
[Black "Andrzejewska, Anna"]
[Result "1-0"]
[ECO "A43"]
[WhiteElo "1986"]
[BlackElo "2021"]
[Annotator "NA"]
[PlyCount "77"]
[EventDate "2019.09.07"]
[EventType "team-tourn"]
[EventCountry "POL"]
[SourceTitle "playchess.com"]
[Source "ChessBase"]
[SourceQuality "1"]
[TimeControl "40/5400+30:1800+30"]

1. d4 Nf6 2. Nf3 c5 3. d5 g6 4. Nc3 d6 5. e4 Bg7 6. h3 O-O 7. Be2 Na6 8. O-O Nc7 9. a4 e6 10. Bf4 exd5 11. exd5 b6 12. Qd2 a6 13. Ng5 Bb7 14. Bf3 b5 15. Nge4 b4 16. Nxf6+ Bxf6 17. Ne4 Bxb2 18. Nxd6 Bc8 19. Rad1 Bd7 20. Nb7 Qc8 21. Nxc5 Bc3 22. Qc1 Ra7 23. Nxd7 Qxd7 24. Be3 Rb7 25. d6 Ne6 26. Bxb7 Qxb7 27. a5 Rd8 28. Bb6 Rd7 29. Qe3 Qc6 30. Qg3 f6 31. Qf3 Rxd6 32. Rxd6 Qxd6 33. Qa8+ Kg7 34. Qxa6 Nf4 35. Qb7+ Kh6 36. Be3 g5 37. Bxf4 Qxf4 38. a6 Bd4 39. a7 1-0

[Event "POL-chT 2 Liga 2019"]
[Site "Poronin"]
[Date "2019.09.15"]
[Round "9.19"]
[White "Stachowiak, Kamil"]
[Black "Psyk, Radoslaw"]
[Result "1-0"]
[ECO "A20"]
[WhiteElo "2444"]
[BlackElo "2314"]
[Annotator "NA"]
[PlyCount "93"]
[EventDate "2019.09.07"]
[EventType "team-tourn"]
[EventCountry "POL"]
[SourceTitle "playchess.com"]
[Source "ChessBase"]
[SourceQuality "1"]
[TimeControl "40/5400+30:1800+30"]

1. c4 e5 2. g3 d6 3. Bg2 g6 4. Nc3 Bg7 5. Nf3 f5 6. d3 Nf6 7. Rb1 O-O 8. O-O h6 9. b4 g5 10. b5 Be6 {[%emt 0:03:58] A21: English Opening: 1...e5 2 Nc3} (10... Kh8 11. Ba3 Nbd7 12. Nd2 a6 13. Qb3 axb5 14. cxb5 Nb6 15. Bb4 Qe8 16. a4 Be6 17. Qc2 Rb8 18. a5 {0-1 (37) Harikrishna,P (2727)-Ponomariov,R (2714) Beijing 2014}) 11. Nd2 Qc8 12. Nd5 $146 ({Predecessor:} 12. a4 Nbd7 13. Ba3 Rb8 14. a5 b6 15. Na2 Nc5 16. Nb4 Rf7 17. Nc6 Ra8 18. Nb4 {½-½ (44) Sorensen,T (2345)-Jacobsen,B (2290) Aarhus 1989}) 12... Nxd5 13. cxd5 ({Reject} 13. Bxd5 Bxd5 14. cxd5 f4 $15) 13... Bf7 14. e3 Nd7 15. Bb2 Nf6 16. Qb3 f4 17. d4 e4 18. Nxe4 Bg6 19. Nxf6+ Rxf6 20. e4 g4 21. Rfe1 f3 22. Bf1 Rf7 23. Bd3 Qd8 24. e5 Qg5 25. Qc2 $16 Qh5 26. h4 Bxd3 27. Qxd3 Bf8 28. Rbc1 Re8 29. Re4 Rg7 30. Rf4 Rf7 31. Qe4 Rxf4 32. Qxf4 Re7 33. exd6 cxd6 34. Rc8 Rf7 35. Qxd6 Qf5 36. Qe6 Kg7 37. Bc1 Qxe6 38. dxe6 Rf5 39. Bf4 Bb4 40. Be5+ Kg6 41. Rg8+ Kh5 42. Rg7 Rf8 43. Rxb7 Kg6 44. Rxa7 Rc8 45. Bc7 Kf5 46. b6 Re8 47. b7 1-0

[Event "POL-chT 2 Liga 2019"]
[Site "Poronin"]
[Date "2019.09.15"]
[Round "9.20"]
[White "Zochowski, Kacper"]
[Black "Dobrowolski, Piotr"]
[Result "1/2-1/2"]
[ECO "A09"]
[WhiteElo "2267"]
[BlackElo "2415"]
[Annotator "NA"]
[PlyCount "66"]
[EventDate "2019.09.07"]
[EventType "team-tourn"]
[EventCountry "POL"]
[SourceTitle "playchess.com"]
[Source "ChessBase"]
[SourceQuality "1"]
[TimeControl "40/5400+30:1800+30"]

1. Nf3 d5 2. c4 d4 3. e3 Nc6 4. exd4 Nxd4 5. Nxd4 Qxd4 6. Nc3 c6 7. d3 Nh6 8. Be2 Nf5 9. g4 Nh4 10. O-O h5 11. Be3 Qd6 12. gxh5 Bh3 13. Re1 Qd7 $17 14. Bg5 Ng2 15. Rf1 Qf5 16. Qd2 f6 17. Be3 Nh4 18. f4 Bxf1 19. Rxf1 Qh3 20. Rf2 Nf5 21. Bc5 e6 22. Ne4 Kf7 23. Bf3 Bxc5 24. Nxc5 Nd4 25. Qe3 Nxf3+ 26. Rxf3 Qg4+ 27. Rg3 Qd1+ 28. Kg2 Qc2+ 29. Kh1 Rae8 30. Qf3 Kg8 31. Qg4 Rh7 32. Qg6 Qd1+ 33. Rg1 Qxh5 1/2-1/2

[Event "POL-chT 2 Liga 2019"]
[Site "Poronin"]
[Date "2019.09.15"]
[Round "9.21"]
[White "Piotrowski, Przemyslaw"]
[Black "Wisniewski, Michal"]
[Result "0-1"]
[ECO "A05"]
[WhiteElo "2293"]
[BlackElo "2130"]
[Annotator "ChessBase"]
[PlyCount "100"]
[EventDate "2019.09.07"]
[EventType "team-tourn"]
[EventCountry "POL"]
[SourceTitle "playchess.com"]
[Source "ChessBase"]
[SourceQuality "1"]
[TimeControl "40/5400+30:1800+30"]

1. Nf3 Nf6 2. c4 g6 3. b3 Bg7 4. Bb2 O-O 5. g3 c6 6. Bg2 d5 7. O-O a5 8. d4 a4 9. cxd5 cxd5 10. bxa4 Nfd7 11. Nc3 Nb6 12. Ne5 Nc6 13. Nxc6 bxc6 14. Ba3 Nc4 15. Bc5 Qa5 16. Qc1 Re8 17. e4 e5 18. Rd1 Bg4 19. Rd3 exd4 20. Bxd4 Bxd4 21. Rxd4 Qc5 22. Rd3 d4 23. h3 Ne5 24. Rd2 dxc3 25. hxg4 Rxa4 26. Rc2 Nd3 27. Qe3 Qxe3 28. fxe3 Ra3 29. Rb1 Nb2 30. Rbc1 Na4 31. e5 Rxe5 32. Bxc6 Rxe3 33. Kf2 Rd3 34. Bxa4 Rxa4 35. Rxc3 Rxc3 36. Rxc3 Rxg4 37. Ra3 Kg7 38. Ra7 h5 39. Kf3 Rc4 40. a4 Kf6 41. Ra6+ Kg5 42. Ra5+ f5 43. Ra6 h4 44. gxh4+ Rxh4 45. Kg3 Rb4 46. a5 Rb3+ 47. Kg2 Ra3 48. Ra8 Kg4 49. a6 Ra2+ 50. Kf1 g5 0-1

[Event "POL-chT 2 Liga 2019"]
[Site "Poronin"]
[Date "2019.09.15"]
[Round "9.23"]
[White "Czyz, Artur"]
[Black "Hasterok, Mateusz"]
[Result "0-1"]
[ECO "A80"]
[WhiteElo "1907"]
[BlackElo "1985"]
[Annotator "NA"]
[PlyCount "94"]
[EventDate "2019.09.07"]
[EventType "team-tourn"]
[EventCountry "POL"]
[SourceTitle "playchess.com"]
[Source "ChessBase"]
[SourceQuality "1"]
[TimeControl "40/5400+30:1800+30"]

1. d4 f5 2. Nf3 Nf6 3. d5 g6 4. b3 c6 5. Bb2 Bg7 6. d6 O-O 7. e3 exd6 8. Qxd6 Ne4 9. Bc4+ Kh8 10. Bxg7+ Kxg7 11. Qd4+ Qf6 12. O-O d5 13. Be2 Be6 14. Rc1 Nd7 15. Nbd2 Nc3 16. Bf1 c5 17. Qxf6+ Nxf6 18. Ng5 Bd7 19. Nb1 Nce4 20. Nf3 Ng4 21. c4 Ngxf2 22. cxd5 Ng4 23. Nc3 b6 24. Nxe4 fxe4 25. Ng5 Nxe3 26. Nxe4 Nxd5 27. Bc4 Ne3 28. Be2 Bc6 29. Bf3 Bxe4 30. Bxe4 Rae8 31. Bf3 Rd8 32. Rc3 Nf5 33. a4 Rd2 34. a5 Nd4 35. axb6 axb6 36. Re3 Nxf3+ 37. gxf3 Rf4 38. Ra7+ Kh6 39. Rb7 Rb4 40. Re6 Rxb3 41. Rexb6 Rxf3 42. Rb3 Rxb3 43. Rxb3 Rc2 44. Rb8 c4 45. Rc8 c3 46. Rc7 Kg5 47. Rxh7 Rd2 0-1

[Event "POL-chT 2 Liga 2019"]
[Site "Poronin"]
[Date "2019.09.15"]
[Round "9.24"]
[White "Poznanska, Katarzyna"]
[Black "Dmochowska, Agnieszka"]
[Result "0-1"]
[ECO "B30"]
[WhiteElo "2082"]
[BlackElo "2110"]
[Annotator "NA"]
[PlyCount "102"]
[EventDate "2019.09.07"]
[EventType "team-tourn"]
[EventCountry "POL"]
[SourceTitle "playchess.com"]
[Source "ChessBase"]
[SourceQuality "1"]
[TimeControl "40/5400+30:1800+30"]

1. e4 c5 2. Nf3 Nc6 3. c4 e6 4. Nc3 Nge7 5. d4 cxd4 6. Nxd4 Nxd4 7. Qxd4 Nc6 8. Qd2 Be7 9. Be2 O-O 10. O-O f5 11. exf5 Rxf5 12. Ne4 d5 13. Ng3 Rf8 14. b3 Bb4 15. Qe3 b6 16. Bb2 Bc5 17. Qd2 d4 18. a3 a5 19. Bd3 Bb7 20. Qe2 Qf6 21. Rae1 Rae8 22. Ne4 Qe7 23. f4 e5 24. Ng5 g6 25. Qg4 Bc8 26. Qh4 Qg7 27. Be4 Ne7 28. fxe5 Bf5 29. Bxf5 Nxf5 30. Qe4 Qh6 31. Qd5+ Kg7 32. Ne4 Ne3 33. Bc1 Nxd5 34. Bxh6+ Kxh6 35. Rxf8 Bxf8 36. cxd5 Rxe5 37. Rf1 Bxa3 38. Nf6 Kg7 39. Nd7 Rxd5 40. Nxb6 Rb5 41. Nc4 Bb4 42. g4 Rg5 43. h3 h5 44. Rf4 d3 45. Kg2 Rd5 46. Rf1 hxg4 47. hxg4 d2 48. Nb2 Kh6 49. Kf3 Kg5 50. Ke4 Rd7 51. Nd3 Re7+ 0-1

[Event "POL-chT 2 Liga 2019"]
[Site "Poronin"]
[Date "2019.09.15"]
[Round "9.25"]
[White "Bator, Robert"]
[Black "Goluch, Piotr"]
[Result "1/2-1/2"]
[ECO "A13"]
[WhiteElo "2358"]
[BlackElo "2428"]
[Annotator "ChessBase"]
[PlyCount "42"]
[EventDate "2019.09.07"]
[EventType "team-tourn"]
[EventCountry "POL"]
[SourceTitle "playchess.com"]
[Source "ChessBase"]
[SourceQuality "1"]
[TimeControl "40/5400+30:1800+30"]

1. Nf3 Nf6 2. c4 e6 3. g3 d5 4. Bg2 dxc4 5. Na3 Bxa3 6. Qa4+ b5 7. Qxa3 Bb7 8. b3 cxb3 9. Qxb3 a6 10. a4 Bd5 11. Qb1 Nbd7 12. d3 c5 13. axb5 axb5 14. Rxa8 Qxa8 15. Qxb5 O-O 16. Qb2 Rb8 17. Qc3 Rb3 18. Qc2 Qa5+ 19. Qd2 Qa8 20. Qc2 Qa5+ 21. Qd2 Qa8 1/2-1/2

[Event "POL-chT 2 Liga 2019"]
[Site "Poronin"]
[Date "2019.09.15"]
[Round "9.26"]
[White "Lukasiewicz, Krzysztof"]
[Black "Marszalek, Maciej"]
[Result "1/2-1/2"]
[ECO "C50"]
[WhiteElo "2254"]
[BlackElo "2301"]
[Annotator "ChessBase"]
[PlyCount "31"]
[EventDate "2019.09.07"]
[EventType "team-tourn"]
[EventCountry "POL"]
[SourceTitle "playchess.com"]
[Source "ChessBase"]
[SourceQuality "1"]
[TimeControl "40/5400+30:1800+30"]

1. e4 e5 2. Nf3 Nc6 3. Bc4 Bc5 4. O-O Nf6 5. d3 d6 6. c3 h6 7. Nbd2 O-O 8. h3 a6 9. Bb3 Ba7 10. Re1 Re8 11. Nf1 Be6 12. Bc2 d5 13. exd5 Bxd5 14. Ng3 b5 15. Be3 Bb6 16. Bxb6 1/2-1/2

[Event "POL-chT 2 Liga 2019"]
[Site "Poronin"]
[Date "2019.09.15"]
[Round "9.27"]
[White "Brzeski, Maciej"]
[Black "Jankowiak, Tomasz"]
[Result "1-0"]
[ECO "B20"]
[WhiteElo "2339"]
[BlackElo "2075"]
[Annotator "NA"]
[PlyCount "105"]
[EventDate "2019.09.07"]
[EventType "team-tourn"]
[EventCountry "POL"]
[SourceTitle "playchess.com"]
[Source "ChessBase"]
[SourceQuality "1"]
[TimeControl "40/5400+30:1800+30"]

1. e4 c5 2. Ne2 Nf6 3. e5 Nd5 4. Nbc3 e6 5. Nxd5 exd5 6. d4 d6 7. exd6 Bxd6 8. dxc5 Bxc5 9. Nf4 O-O 10. Be2 d4 11. O-O Bf5 12. Bd3 Bxd3 13. Nxd3 Bd6 14. Bf4 Nc6 15. Qd2 Re8 16. Rfe1 Qf6 17. Rxe8+ Rxe8 $11 18. Re1 Rxe1+ 19. Qxe1 g5 20. Bd2 Qe7 21. Qxe7 Bxe7 22. g4 f6 23. Kg2 Kf7 24. Kf3 Ne5+ 25. Nxe5+ fxe5 26. Ke4 Ke6 27. a4 a6 28. Ba5 b5 29. axb5 axb5 30. Bc7 Bf6 31. f3 h6 32. Ba5 Be7 33. c3 dxc3 34. Bxc3 Bd6 35. b3 b4 36. Be1 Be7 37. Bf2 Bd6 38. h4 gxh4 39. Bxh4 Bc5 40. Be1 Be7 41. Bd2 Bf8 42. Bc1 Kf6 43. Bb2 h5 44. gxh5 Kg5 45. Bxe5 Kxh5 46. Kf5 Kh4 47. Ke6 Kh3 48. f4 Kg4 49. f5 Kg5 50. f6 Kg6 51. f7 Kh7 52. Bd6 Kg7 53. Be7 1-0

[Event "POL-chT 2 Liga 2019"]
[Site "Poronin"]
[Date "2019.09.15"]
[Round "9.28"]
[White "Dryja, Szymon"]
[Black "Jaskolka, Tomasz"]
[Result "0-1"]
[ECO "A05"]
[WhiteElo "1854"]
[BlackElo "2236"]
[Annotator "ChessBase"]
[PlyCount "78"]
[EventDate "2019.09.07"]
[EventType "team-tourn"]
[EventCountry "POL"]
[SourceTitle "playchess.com"]
[Source "ChessBase"]
[SourceQuality "1"]
[TimeControl "40/5400+30:1800+30"]

1. Nf3 Nf6 2. c4 g6 3. b3 Bg7 4. Bb2 O-O 5. d4 c6 6. e3 d5 7. Bd3 Ne4 8. Nbd2 f5 9. Ne5 Nd7 10. Nxd7 Qxd7 11. f3 Nc5 12. Be2 Qe6 13. Qc2 Na6 14. e4 fxe4 15. fxe4 Nb4 16. Qc3 Bxd4 17. Qxb4 Bxb2 18. cxd5 cxd5 19. Rb1 Qe5 20. Qc5 Be6 21. Nf3 Qc3+ 22. Qxc3 Bxc3+ 23. Kd1 dxe4 24. Ng5 Bf5 25. g4 Bf6 26. Bc4+ Kg7 27. Ne6+ Bxe6 28. Bxe6 Bd4 29. Ke1 Rf3 30. h4 Raf8 31. Rc1 Re3+ 32. Kd1 Rd3+ 33. Ke1 Rff3 34. Rc2 Rfe3+ 35. Kf1 Rf3+ 36. Ke1 Be5 37. Rc8 Bg3+ 38. Ke2 Rf2+ 39. Ke1 Rc2+ 0-1

[Event "POL-chT 2 Liga 2019"]
[Site "Poronin"]
[Date "2019.09.15"]
[Round "9.29"]
[White "Pulik, Krzysztof"]
[Black "Statucki, Maciej"]
[Result "1-0"]
[ECO "B22"]
[WhiteElo "2131"]
[BlackElo "1754"]
[Annotator "NA"]
[PlyCount "113"]
[EventDate "2019.09.07"]
[EventType "team-tourn"]
[EventCountry "POL"]
[SourceTitle "playchess.com"]
[Source "ChessBase"]
[SourceQuality "1"]
[TimeControl "40/5400+30:1800+30"]

1. e4 c5 2. c3 d5 3. exd5 Qxd5 4. d4 Nc6 5. Nf3 Bf5 6. Be3 cxd4 7. cxd4 Bxb1 8. Rxb1 e6 9. a3 Nf6 10. Bd3 Be7 11. O-O O-O 12. Qe2 a5 13. Rbd1 Rfd8 14. Rfe1 Qh5 15. Bb1 Nd5 16. Qb5 Ra6 17. Rd2 Rb6 18. Qd3 Bf6 19. Qe4 Qg6 20. Red1 Nce7 21. Qxg6 hxg6 22. g4 Nxe3 23. fxe3 Nd5 24. Kf2 g5 25. Rc1 Rc6 26. Rxc6 bxc6 27. Ne1 Ne7 28. Nf3 e5 29. Be4 exd4 30. exd4 Kf8 31. Ke3 Ke8 32. Kd3 Kd7 33. Kc4 Kc7 34. h4 Nd5 35. hxg5 Be7 36. Bxd5 Rxd5 37. Rf2 Kb6 38. Ne5 f6 39. gxf6 gxf6 40. Nf3 Rd8 41. Re2 Rd7 42. Ne1 Bd8 43. Re4 Rf7 44. Nd3 Bc7 45. Re6 Rg7 46. b4 Rxg4 47. b5 Be5 48. Rxc6+ Ka7 49. Nxe5 fxe5 50. Rd6 exd4 51. Kc5 Rg3 52. Rd7+ Kb8 53. Kb6 Kc8 54. Rxd4 Rxa3 55. Ka7 Re3 56. Rc4+ Kd8 57. b6 1-0

[Event "POL-chT 2 Liga 2019"]
[Site "Poronin"]
[Date "2019.09.15"]
[Round "9.30"]
[White "Czarniecka, Aleksandra"]
[Black "Lukasiewicz, Anna"]
[Result "0-1"]
[ECO "C45"]
[WhiteElo "2003"]
[BlackElo "2075"]
[Annotator "NA"]
[PlyCount "74"]
[EventDate "2019.09.07"]
[EventType "team-tourn"]
[EventCountry "POL"]
[SourceTitle "playchess.com"]
[Source "ChessBase"]
[SourceQuality "1"]
[TimeControl "40/5400+30:1800+30"]

1. e4 e5 2. Nf3 Nc6 3. d4 exd4 4. Nxd4 Bc5 5. Be3 Qf6 6. c3 Nge7 7. Bc4 O-O 8. O-O a6 9. Qd2 h6 10. b4 Ba7 11. Na3 Ne5 12. Be2 d6 13. f3 Qg6 14. f4 N5c6 15. f5 Qf6 16. Rf3 d5 17. Nxc6 Bxe3+ 18. Qxe3 bxc6 19. e5 Qg5 20. Qxg5 hxg5 21. g4 c5 22. b5 axb5 23. Nxb5 Ra4 24. c4 Ba6 25. Nc3 Ra5 26. f6 Ng6 27. Nxd5 Re8 28. Rf5 c6 29. Nc7 Rxe5 30. Rxe5 Nxe5 31. Nxa6 Rxa6 32. fxg7 Ra3 33. Kf2 Kxg7 34. Kg2 f6 35. Kf2 Kf7 36. Kg2 Ng6 37. Bf3 Nh4+ 0-1

[Event "POL-chT 2 Liga 2019"]
[Site "Poronin"]
[Date "2019.09.15"]
[Round "9.33"]
[White "Pazdziora, Michal"]
[Black "Bardeli, Lukasz"]
[Result "0-1"]
[ECO "A48"]
[WhiteElo "2176"]
[BlackElo "2144"]
[Annotator "NA"]
[PlyCount "100"]
[EventDate "2019.09.07"]
[EventType "team-tourn"]
[EventCountry "POL"]
[SourceTitle "playchess.com"]
[Source "ChessBase"]
[SourceQuality "1"]
[TimeControl "40/5400+30:1800+30"]

1. d4 Nf6 2. Nf3 g6 3. Bf4 Bg7 4. e3 O-O 5. Be2 d6 6. h3 b6 7. O-O Bb7 8. c4 Ne4 9. Nfd2 e5 10. Nxe4 exf4 11. Bf3 d5 12. cxd5 fxe3 13. fxe3 Bxd5 14. Nbc3 Bc6 15. Qb3 Kh8 16. Rae1 Nd7 17. Qc4 Bb7 18. Nb5 a6 19. Nbc3 b5 20. Qe2 Qe7 21. Nd2 Bxf3 22. Qxf3 Nb6 23. Nd5 Nxd5 24. Qxd5 Rad8 25. Qe4 Qd6 26. Qf4 Qxf4 27. Rxf4 c5 28. Nb3 cxd4 29. Nxd4 Rfe8 30. Nf3 Kg8 31. Rb4 Rd3 32. Kf2 Bf8 33. Rd4 Rxd4 34. exd4 Rxe1 35. Nxe1 f6 36. Nd3 Kf7 37. b4 Ke6 38. Nc5+ Kd5 39. Ke3 Kc4 40. Nxa6 f5 41. d5 Bh6+ 42. Ke2 Kxd5 43. Kd3 Bf4 44. Nc5 Bd6 45. Nd7 Ke6 46. Nb6 Bxb4 47. Kd4 Kd6 48. Nc8+ Kc7 49. Na7 Kb6 50. Nc8+ Kb7 0-1

[Event "POL-chT 2 Liga 2019"]
[Site "Poronin"]
[Date "2019.09.15"]
[Round "9.34"]
[White "Butyrowski, Marcel"]
[Black "Niedbala, Bartlomiej"]
[Result "0-1"]
[ECO "A04"]
[WhiteElo "1873"]
[BlackElo "2145"]
[Annotator "NA"]
[PlyCount "106"]
[EventDate "2019.09.07"]
[EventType "team-tourn"]
[EventCountry "POL"]
[SourceTitle "playchess.com"]
[Source "ChessBase"]
[SourceQuality "1"]
[TimeControl "40/5400+30:1800+30"]

1. Nf3 d6 2. d4 f5 3. c4 e6 4. Nc3 Nf6 5. g3 Be7 6. Bg2 O-O 7. Qc2 a5 8. O-O Nc6 9. a3 e5 10. dxe5 dxe5 11. Rd1 Qe8 12. Nd5 Bd8 13. Bg5 Rf7 14. Rab1 e4 15. Nd4 Nxd5 16. Bxd8 Ne3 17. fxe3 Nxd8 18. b4 h5 19. Rf1 Nc6 20. Bh3 g6 21. Nxc6 Qxc6 22. Rbd1 Be6 23. Rd4 b5 24. c5 a4 25. Qd2 Kh7 26. Rd1 Bb3 27. Rf1 Raf8 28. Rd8 Rxd8 29. Qxd8 Qf6 30. Qd2 Kg7 31. Bg2 Qe6 32. Qe1 Rd7 33. Qf2 Qe5 34. h3 Rf7 35. Rb1 g5 36. Qe1 Rd7 37. Kh1 c6 38. Kg1 Kg6 39. Kh1 Kf7 40. Kg1 Ke6 41. Kh1 g4 42. h4 Bc2 43. Rc1 Qb2 44. Kh2 Bb3 45. Rb1 Qc2 46. Qf1 Bc4 47. Re1 Qc3 48. Qf2 Qe5 49. Bf1 Rd2 50. Rc1 Ra2 51. Rd1 Bd5 52. Qe1 Rxa3 53. Qd2 Qc3 0-1

[Event "POL-chT 2 Liga 2019"]
[Site "Poronin"]
[Date "2019.09.15"]
[Round "9.35"]
[White "Galuszka, Tomasz"]
[Black "Wojdak, Jan"]
[Result "1/2-1/2"]
[ECO "A06"]
[WhiteElo "2222"]
[BlackElo "1973"]
[Annotator "ChessBase"]
[PlyCount "32"]
[EventDate "2019.09.07"]
[EventType "team-tourn"]
[EventCountry "POL"]
[SourceTitle "playchess.com"]
[Source "ChessBase"]
[SourceQuality "1"]
[TimeControl "40/5400+30:1800+30"]

1. Nf3 d5 2. g3 c6 3. Bg2 Bf5 4. O-O e6 5. d3 h6 6. c4 Nf6 7. Nc3 Nbd7 8. cxd5 cxd5 9. Qb3 Nc5 10. Qb5+ Nfd7 11. d4 a6 12. Qb4 Nd3 13. Qxb7 Rb8 14. Qxa6 Nb4 15. Qa7 Ra8 16. Qb7 Rb8 1/2-1/2

[Event "POL-chT 2 Liga 2019"]
[Site "Poronin"]
[Date "2019.09.15"]
[Round "9.38"]
[White "Chojnacki, Slawomir"]
[Black "Kyc, Jerzy"]
[Result "0-1"]
[ECO "D02"]
[WhiteElo "2218"]
[BlackElo "2309"]
[Annotator "ChessBase"]
[PlyCount "58"]
[EventDate "2019.09.07"]
[EventType "team-tourn"]
[EventCountry "POL"]
[SourceTitle "playchess.com"]
[Source "ChessBase"]
[SourceQuality "1"]
[TimeControl "40/5400+30:1800+30"]

1. d4 d5 2. Nf3 Nf6 3. Bf4 c5 4. e3 Nc6 5. dxc5 e6 6. Nbd2 Bxc5 7. Be2 O-O 8. O-O h6 9. h3 Qe7 10. Bh2 e5 11. c3 Bb6 12. Qa4 Bd7 13. Qh4 d4 14. Nc4 dxc3 15. Nxb6 axb6 16. bxc3 Ra3 17. Rfb1 Rfa8 18. Rxb6 Rxa2 19. Rxa2 Rxa2 20. Bf1 Ra1 21. Rxb7 Qd6 22. Nd4 Qd5 23. Nf3 Qd3 24. Bxe5 Qxf1+ 25. Kh2 Qh1+ 26. Kg3 Nxe5 27. Nxe5 Rg1 28. Nxd7 Qxg2+ 29. Kf4 Qe4# 0-1

[Event "POL-chT 2 Liga 2019"]
[Site "Poronin"]
[Date "2019.09.15"]
[Round "9.39"]
[White "Gesicki, Jacek"]
[Black "Najbar, Marcin"]
[Result "1-0"]
[ECO "B40"]
[WhiteElo "2234"]
[BlackElo "2246"]
[Annotator "NA"]
[PlyCount "68"]
[EventDate "2019.09.07"]
[EventType "team-tourn"]
[EventCountry "POL"]
[SourceTitle "playchess.com"]
[Source "ChessBase"]
[SourceQuality "1"]
[TimeControl "40/5400+30:1800+30"]

1. e4 c5 2. Nf3 e6 3. d4 cxd4 4. Nxd4 Qb6 5. Nb5 Bc5 6. Be3 Bxe3 7. fxe3 Qxe3+ 8. Be2 Na6 9. Nd6+ Ke7 10. Nc3 Nf6 11. Rf1 Nb4 12. Ncb5 Qc5 13. c3 a6 14. cxb4 Qxb4+ 15. Qd2 Qxd2+ 16. Kxd2 axb5 $18 17. e5 b6 18. Nxc8+ Raxc8 19. exf6+ gxf6 20. Bxb5 Rhg8 21. g3 Rg4 22. Rac1 Rd4+ 23. Bd3 Ra8 24. a3 e5 25. Ke3 h5 26. Bf5 Ra5 27. Rfd1 Rxd1 28. Rxd1 d5 29. Rc1 Kd6 30. Rc8 h4 31. Rd8+ Kc6 32. gxh4 d4+ 33. Ke4 d3 34. Kxd3 Ra8 1-0

[Event "POL-chT 2 Liga 2019"]
[Site "Poronin"]
[Date "2019.09.15"]
[Round "9.40"]
[White "Malecki, Rafal"]
[Black "Sendera, Jaroslaw"]
[Result "0-1"]
[ECO "A05"]
[WhiteElo "2050"]
[BlackElo "2203"]
[Annotator "NA"]
[PlyCount "86"]
[EventDate "2019.09.07"]
[EventType "team-tourn"]
[EventCountry "POL"]
[SourceTitle "playchess.com"]
[Source "ChessBase"]
[SourceQuality "1"]
[TimeControl "40/5400+30:1800+30"]

1. Nf3 Nf6 2. g3 g6 3. Bg2 Bg7 4. O-O O-O 5. d3 d6 6. e4 c5 7. a4 Nc6 8. Nbd2 Rb8 9. Nc4 Bg4 10. h3 Bxf3 11. Bxf3 Nd7 12. Bg2 a6 13. f4 b5 14. axb5 axb5 15. Ne3 b4 16. e5 Nd4 17. exd6 e6 18. Nc4 Nb6 19. Ra6 Nxc4 20. dxc4 Rb6 21. Rxb6 Qxb6 22. d7 Rd8 23. Qd3 Rxd7 24. c3 bxc3 25. bxc3 Qb3 26. Be4 Qxc3 27. Qxc3 Ne2+ 28. Kf2 Nxc3 29. Bc2 Bd4+ 30. Kf3 Ra7 31. g4 Ra1 32. Bd3 Ra2 33. Kg3 f5 34. Kf3 Kf7 35. g5 Na4 36. h4 Nb6 37. h5 gxh5 38. Rh1 Ra1 39. Be2 Bb2 40. Bxb2 Rxh1 41. Kg2 Re1 42. Bxh5+ Kf8 43. Ba3 Na4 0-1

[Event "POL-chT 2 Liga 2019"]
[Site "Poronin"]
[Date "2019.09.15"]
[Round "9.41"]
[White "Kopacz, Grzegorz"]
[Black "Szajda, Marcin"]
[Result "1/2-1/2"]
[ECO "A13"]
[WhiteElo "2111"]
[BlackElo "1904"]
[Annotator "ChessBase"]
[PlyCount "50"]
[EventDate "2019.09.07"]
[EventType "team-tourn"]
[EventCountry "POL"]
[SourceTitle "playchess.com"]
[Source "ChessBase"]
[SourceQuality "1"]
[TimeControl "40/5400+30:1800+30"]

1. c4 Nf6 2. Nf3 e6 3. g3 d5 4. Bg2 dxc4 5. Qa4+ Nbd7 6. O-O a6 7. Qxc4 b5 8. Qc2 Bb7 9. d3 c5 10. a4 Be7 11. Nc3 Bc6 12. Bf4 O-O 13. Rfd1 Qb6 14. h3 h6 15. Be3 Qb7 16. axb5 axb5 17. Rxa8 Rxa8 18. Rc1 Nd5 19. Bd2 Nb4 20. Qb3 Ne5 21. Nxe5 Bxg2 22. Kh2 Bd6 23. f3 Bxe5 24. Kxg2 Bxc3 25. bxc3 Nc6 1/2-1/2